 Dungeon Crawl Stone Soup version 0.29-a0-294-g83ea962da3 (webtiles) character file.

Game seed: 8339822847460045557

224 Inarius the Scratcher (level 5, -7/24 HPs)
             Began as a Felid Chaos Knight on Mar 18, 2022.
             Was a Plaything of Xom.
             Killed by divine providence
             ... invoked by an orc priest
              (12 damage)
             ... on level 4 of the Dungeon.
             The game lasted 00:10:04 (5841 turns).

Inarius the Scratcher (Felid Chaos Knight)          Turns: 5841, Time: 00:10:05

Health: -7/24      AC:  1    Str:  8    XL:     5   Next: 67%
Magic:  6/6        EV: 19    Int: 11    God:    Xom [.....*]
Gold:   129        SH:  0    Dex: 18    Spells: 2/4 levels left
                                        Lives:  0   Deaths: 1

rFire   . . .      SeeInvis +     - Unarmed
rCold   . . .      Faith    .   (shield unavailable)
rNeg    . . .      Spirit   .   (body armour unavailable)
rPois   .          Reflect  .   (helmet unavailable)
rElec   .          Harm     .   (cloak unavailable)
rCorr   .          Rampage  .   (gloves unavailable)
Will    .....                   (boots unavailable)
Stlth   ++++......              (no amulet)
HPRegen 0.08/turn               (no ring)
MPRegen 0.10/turn               (no ring)

@: unable to read, quick
A: very small, claws 1, fangs 3, see invisible, speed 1, shaggy fur 1, stealthy
paws, no weapons or thrown items, no armour, multi-lived, thin skeletal
structure 1, clumsy 1, dopey 1, inability to read while threatened
a: Renounce Religion


You were on level 4 of the Dungeon.
You worshipped Xom.
You were Xom's teddy bear.
You visited 1 branch of the dungeon, and saw 4 of its levels.
You also visited: Sewer.

You collected 129 gold pieces.

Inventory:

Scrolls
 b - 3 scrolls of teleportation
 e - 2 scrolls of immolation
 f - a scroll of noise
 l - 2 scrolls of identify
 n - 3 scrolls of vulnerability {unknown}
 o - a scroll of amnesia
Potions
 c - 2 potions of brilliance
 d - 4 potions of curing
 g - 2 potions of mutation
 h - 2 potions of invisibility {unknown}
 i - 3 potions of cancellation {unknown}
 j - 2 potions of heal wounds
 k - a potion of might {unknown}
 m - a potion of experience {unknown}
 p - a potion of lignification {unknown}
Miscellaneous
 a - a piece from Xom's chessboard (9/15) (quivered)


   Skills:
 + Level 3.6 Fighting
 + Level 4.1 Dodging
 * Level 4.6 Stealth
 + Level 4.8 Unarmed Combat
 * Level 0.2 Spellcasting
 * Level 0.2 Transmutations
 + Level 2.2 Evocations


You had 2 spell levels left.
You knew the following spells:

 Your Spells              Type           Power      Damage    Failure   Level
a - Wereblood             Tmut           0%         N/A       43%         2

Your spell library contained the following spells:

 Spells                   Type           Power      Damage    Failure   Level
 Beastly Appendage        Tmut           0%         N/A       32%         1
 Spider Form              Tmut/Pois      0%         N/A       69%         3
 Malign Gateway           Summ/Tloc      0%         N/A       100%        7
 Summon Horrible Things   Summ           0%         N/A       100%        8


Dungeon Overview and Level Annotations

Branches:
Dungeon (4/15)              Sewer (visited)
 Temple: D:4-7

Altars:

Shops:
D:1 :   D:4 (


Innate Abilities, Weirdness & Mutations

You have sharp claws.
You have razor-sharp teeth.
You have supernaturally acute eyesight. (SInv)
You cover ground quickly. (Speed+)
You are covered in fur. (AC +1)
Your paws help you pounce on unaware monsters.
You are incapable of wielding weapons or throwing items.
You cannot wear armour.
You gain extra lives every three experience levels.
You have a somewhat thin skeletal structure. (Dex +2, Stealth+)
You are clumsy. (Dex -2)
You are dopey. (Int -2)
You sometimes lose the ability to read scrolls when taking damage.


Message History

The orc priest is lightly wounded.
The orc barely misses you.
The orc priest hits you with a +0 dagger.
You feel threatened and lose the ability to read scrolls!
You scratch the orc priest.
The orc priest is moderately wounded.
You scratch the orc priest. You claw the orc priest.
The orc priest is almost dead.
You can read scrolls again.
The orc closely misses you. The orc priest misses you.
You closely miss the orc priest.
The orc priest is almost dead.
The orc misses you.
The orc priest hits you with a +0 dagger.
You feel threatened and lose the ability to read scrolls!
* * * LOW HITPOINT WARNING * * *
You barely miss the orc priest.
The orc priest is almost dead.
The orc misses you.
The orc priest looks braver for a moment.
You closely miss the orc priest.
The orc priest is almost dead.
The orc closely misses you. The orc priest closely misses you.
You barely miss the orc priest.
The orc priest is almost dead.
You can read scrolls again.
The orc misses you.
A kobold comes into view. It is wielding a +0 short sword.
The orc priest hits you with a +0 dagger.
You feel threatened and lose the ability to read scrolls!
* * * LOW HITPOINT WARNING * * *
The kobold shouts!
You scratch the orc priest.
You bite the orc priest, but do no damage.
The orc priest is almost dead.
The orc barely misses you.
The orc priest mumbles some strange prayers to Beogh against you.
Beogh smites you!
Ouch! That really hurt!
You die...

#..[..# #.....#
#.....# ########
#.....######......#
+.....'...........+
#.....######......#
#.....# #..[...##.#
#.....# #..o.......
#...†.# #..@...###
####.## #..o.......
# #.# ............#
# #.#
.....#..###.#.# ##
#.# ........# ....
.# #.# .........
### g# #.#
....K.... g# #.#
.....#### .. #.#


You could see an orc priest, an orc and a kobold.

Vanquished Creatures
  A hound (D:3)
  5 gnolls
  7 adders
  5 river rats (Sewer)
  An ufetubus (D:4)
  3 worms
  4 dart slugs
  An orc (D:4)
  12 ball pythons
  10 bats
  7 endoplasms
  4 giant cockroaches
  3 goblins
  9 hobgoblins
  11 jackals
  20 kobolds
  3 quokkas
  3 frilled lizards
  29 rats
138 creatures vanquished.

Vanquished Creatures (collateral kills)
  A rat (D:3)
1 creature vanquished.

Vanquished Creatures (others)
  A plant (D:2)
1 creature vanquished.

Grand Total: 140 creatures vanquished

Notes
Turn   | Place    | Note
-------+----------+-------------------------------------------
     0 | D:1      | Inarius the Felid Chaos Knight began the quest for the Orb.
     0 | D:1      | Reached XP level 1. HP: 10/10 MP: 2/2
    19 | D:1      | XOM: potion effect (haste)
    67 | D:1      | XOM: butterfly on damage
    81 | D:1      | XOM: potion effect (heal wounds)
   102 | D:1      | XOM: smoke on damage
   103 | D:1      | Reached skill level 1 in Stealth
   103 | D:1      | Reached XP level 2. HP: 7/14 MP: 3/3
   448 | D:1      | Reached skill level 1 in Evocations
   450 | D:1      | XOM: divination: magic mapping
   474 | D:1      | XOM: cloud trail
   498 | D:1      | Reached XP level 3. HP: 15/17 MP: 4/4
   847 | D:1      | Found Ihetz's Book Shoppe.
   891 | D:1      | XOM: smoke on damage
  1233 | D:2      | Reached XP level 4. HP: 5/21 MP: 5/5
  1394 | D:2      | XOM: cloud trail
  1437 | D:2      | XOM: polymorph giant cockroach -> gnoll
  1537 | D:2      | Found a faded altar of an unknown god.
  1544 | D:2      | XOM: 2-stop teleportation journey
  1835 | D:2      | XOM: smoke on damage
  2474 | D:3      | XOM: noise
  2650 | D:3      | Reached XP level 5. HP: 24/24 MP: 6/6
  2894 | D:3      | Found a glowing drain.
  2918 | Sewer    | Entered a sewer
  3388 | Sewer    | XOM: noise
  3581 | Sewer    | Slain by a river rat
  3582 | Sewer    | Reached XP level 4. HP: -1/21 MP: 5/5
  3746 | Sewer    | Reached XP level 5. HP: 24/24 MP: 6/6
  3784 | Sewer    | XOM: smoke on damage
  3959 | Sewer    | XOM: 9-stop teleportation journey
  4190 | Sewer    | XOM: 1-stop teleportation journey
  4917 | D:3      | XOM: give mutations
  4917 | D:3      | Gained mutation: You are clumsy. (Dex -2) [Xom's mischief]
  4917 | D:3      | Gained mutation: You sometimes lose the ability to read
                  | scrolls when taking damage. [Xom's mischief]
  5047 | D:4      | Found Ihubb's Weapon Emporium.
  5083 | D:4      | Learned a level 2 spell: Wereblood
  5134 | D:3      | XOM: give mutations
  5134 | D:3      | Gained mutation: You have a somewhat thin skeletal
                  | structure. (Dex +2, Stealth+) [Xom's mischief]
  5134 | D:3      | Gained mutation: You are dopey. (Int -2) [Xom's mischief]
  5331 | D:4      | XOM: smoke on damage
  5395 | D:4      | XOM: repel stairs
  5550 | D:4      | XOM: smoke on damage
  5841 | D:4      | Killed from afar by an orc priest

Illustrated notes

Levels and vault maps discovered:
D:1:      ncdulo_lavacross, layout_rooms, serial_shops, shop
D:2:      layout_basic, serial_forest, infiniplex_forest_lined_3_way,
          infiniplex_forest_clump_double, infiniplex_forest_end_2,
          infiniplex_forest_end_2, infiniplex_forest_lined_3,
          infiniplex_forest_zigzag_1, infiniplex_forest_end_2,
          shapermc_ecumenical_altar_acropolis, minmay_tiny_reverse_x
D:3:      layout_loops_cross, portal_sewer_entry_b, minmay_misc_feat_enclosed,
          minmay_liquid_box
D:4:      layout_basic, serial_shops, shop, dk_noncrumbling_2

Skill      XL: |  1  2  3  4  5 |
---------------+----------------+-----
Stealth        | 1 3 4 |  4.6
Evocations     | 1 2 |  2.2
Unarmed Combat | 4 |  4.8
Dodging        | 4 |  4.1
Fighting       | |  3.6
Spellcasting   | |  0.2
Transmutations | |  0.2

Action                   |  1- 3 |  4- 6 || total
-------------------------+-------+-------++-------
Melee: Unarmed           |    96 |   317 ||   413
       Bite              |     4 |    34 ||    38
       Punch             |     2 |    13 ||    15
Evoke: Piece from Xom's  |     7 |    12 ||    19
  Use: Scroll            |       |     9 ||     9
       Potion            |       |     1 ||     1
 Stab: Sleeping          |     2 |    16 ||    18
Armor: Skin              |     3 |    11 ||    14
Dodge: Dodged            |    67 |   233 ||   300

Table legend: (Time is in decaauts)
 A = Elapsed time spent in this place.
 B = Non-inter-level travel time spent in this place.
 C = Inter-level travel time spent in this place.
 D = Time resting spent in this place.
 E = Time spent auto-exploring this place.
 F = Levels seen in this place.
 G = Mean time per level.
                   A        B        C        D        E       F      G
               +--------+--------+--------+--------+--------+-----+--------+
         Total |   5230 |   5069 |    161 |   2091 |   1617 |   5 | 1046.0 |
       Dungeon |   3766 |   3605 |    161 |   1382 |   1271 |   4 |  941.5 |
         Sewer |   1463 |   1463 |      0 |    708 |    345 |   1 | 1463.0 |
               +--------+--------+--------+--------+--------+-----+--------+

Top non-repeatable levels by time:
   Sewer: 1463 daAuts
     D:3: 1184 daAuts
     D:1: 1167 daAuts
     D:2: 1103 daAuts
     D:4: 311 daAuts
